[Event "Francophonie-ch"]
[Site "Yamoussoukro CIV"]
[Date "2023.07.11"]
[Round "8.2"]
[White "Chiku-Ratte, Olivier-Kenta"]
[Black "Sambuev, Bator"]
[Result "0-1"]
[ECO "E14"]
[WhiteElo "2318"]
[BlackElo "2457"]
[PlyCount "78"]
[EventDate "2023.07.02"]
[EventType "swiss"]
[EventRounds "9"]
[EventCountry "IVO"]
[Source "ChessMix"]
[SourceDate "2023.07.20"]
[TimeControl "5400+30"]

1. d4 Nf6 2. c4 e6 3. Nf3 d5 4. e3 Be7 5. Bd3 O-O 6. O-O b6 7. Nc3 Bb7 8. cxd5 exd5 9. b3 Nbd7 10. Bb2 Re8 11. Rc1 a6 12. Ne2 Bd6 13. Nf4 Ne4 14. Be2 Rc8 15. Nd3 c5 16. Nfe5 cxd4 17. exd4 f6 18. Nxd7 Qxd7 19. Bg4 Rxc1 20. Bxd7 Rxd1 21. Rxd1 Re7 22. Bg4 a5 23. f3 Ng5 24. Bc1 Ne6 25. Bxe6+ Rxe6 26. Bf4 Ba3 27. Bc1 Bf8 28. Nf4 Re8 29. Bd2 g5 30. Nh5 Kf7 31. Ng3 Kg6 32. Kf2 Ba3 33. Bc1 Bd6 34. h4 gxh4 35. Ne2 Ba6 36. Nf4+ Kf5 37. Nxd5 Bg3+ 38. Kg1 Be2 39. Rd2 Bc4 0-1

[Event "Charlotte Spring IM-B"]
[Site "Charlotte USA"]
[Date "2023.03.18"]
[Round "6.5"]
[White "Vanapalli, Vishnu"]
[Black "Chiku-Ratte, Olivier-Kenta"]
[Result "1-0"]
[ECO "C55"]
[WhiteElo "2226"]
[BlackElo "2301"]
[PlyCount "157"]
[EventDate "2023.03.14"]
[EventType "tourn"]
[EventRounds "9"]
[EventCountry "USA"]
[Source "ChessMix"]
[SourceDate "2023.03.20"]
[TimeControl "5400+30"]

1. e4 e5 2. Nf3 Nc6 3. Bc4 Nf6 4. d3 h6 5. O-O d6 6. c3 g6 7. d4 Qe7 8. Re1 Bg7 9. Nbd2 O-O 10. h3 a6 11. a4 exd4 12. cxd4 Nd7 13. Nf1 Nb6 14. Bb3 a5 15. Be3 Qd8 16. Ng3 d5 17. e5 Nc4 18. Bxc4 dxc4 19. Qc1 Nb4 20. Qxc4 Be6 21. Qe2 Bd5 22. Rec1 Qd7 23. Nd2 f5 24. exf6 Rxf6 25. Nc4 Nc6 26. Ne5 Nxe5 27. dxe5 Rc6 28. f4 Rxc1+ 29. Rxc1 Bc6 30. Qc2 Qe6 31. Rd1 Rf8 32. Ne2 Qf7 33. Nc3 g5 34. fxg5 hxg5 35. Bxg5 Bxe5 36. Qe2 Qf5 37. Be3 Qg6 38. Bd4 Bd6 39. Rd3 Bf4 40. Qg4 Qxg4 41. hxg4 Kh7 42. Ne2 Bd6 43. b3 Kg6 44. Re3 Kg5 45. Be5 Bc5 46. Bd4 Bd6 47. Be5 Bb4 48. Nd4 Bd5 49. Bxc7 Kxg4 50. Re5 Rc8 51. Bxa5 Bxa5 52. Rxd5 Bb6 53. Kf1 Rc3 54. Ke2 Rg3 55. Rd6 Rxg2+ 56. Kf1 Rd2 57. Rg6+ Kf4 58. Ne2+ Ke3 59. Re6+ Kf3 60. Rf6+ Ke3 61. Rxb6 Rd1+ 62. Kg2 Kxe2 63. Re6+ Kd3 64. Rd6+ Kc2 65. Rxd1 Kxd1 66. b4 Kc2 67. a5 Kb3 68. b5 Kb4 69. a6 b6 70. a7 Kxb5 71. a8=Q Kb4 72. Qe4+ Ka5 73. Kf3 b5 74. Ke2 b4 75. Qc2 Kb5 76. Qb3 Kc5 77. Kd3 Kb5 78. Kd4 Ka5 79. Kc5 1-0

[Event "Charlotte Spring IM-B"]
[Site "Charlotte USA"]
[Date "2023.03.19"]
[Round "7.1"]
[White "Chiku-Ratte, Olivier-Kenta"]
[Black "Adamson, Robby"]
[Result "1-0"]
[ECO "E11"]
[WhiteElo "2301"]
[BlackElo "2265"]
[PlyCount "109"]
[EventDate "2023.03.14"]
[EventType "tourn"]
[EventRounds "9"]
[EventCountry "USA"]
[Source "ChessMix"]
[SourceDate "2023.03.20"]
[TimeControl "5400+30"]

1. Nf3 d5 2. d4 Nf6 3. c4 e6 4. g3 Bb4+ 5. Bd2 Be7 6. Qc2 O-O 7. Bg2 c6 8. O-O Nbd7 9. Bf4 b6 10. Nbd2 Nh5 11. cxd5 Nxf4 12. gxf4 cxd5 13. Rfc1 Ba6 14. e3 Rc8 15. Qa4 Nb8 16. Bf1 Bxf1 17. Kxf1 Qd7 18. Qb3 Nc6 19. Qb5 Nb8 20. Qxd7 Nxd7 21. Ne5 Nb8 22. Ke2 f6 23. Nd3 Bd6 24. h3 Kf7 25. a4 Rxc1 26. Rxc1 Na6 27. a5 Ke7 28. axb6 axb6 29. f3 Kd7 30. Rg1 Rf7 31. h4 Nb8 32. e4 Nc6 33. Ke3 Ne7 34. h5 Bc7 35. Nf1 Bd6 36. Nh2 Nc6 37. Ng4 Bc7 38. h6 g6 39. Rc1 Bd6 40. e5 Ne7 41. exd6 Nf5+ 42. Kf2 Kxd6 43. Rc8 Nxd4 44. Rd8+ Kc7 45. Ra8 Kb7 46. Re8 Kc7 47. Ne3 Kd7 48. Rg8 Nc6 49. Ng4 Ke7 50. Rc8 Nd4 51. Rb8 b5 52. Rb6 Kd7 53. Ra6 Kc8 54. b4 Kb8 55. Nc5 1-0

[Event "Charlotte Spring IM-B"]
[Site "Charlotte USA"]
[Date "2023.03.19"]
[Round "8.5"]
[White "Chiku-Ratte, Olivier-Kenta"]
[Black "Georgiev, Vladimir"]
[Result "1/2-1/2"]
[ECO "D35"]
[WhiteElo "2301"]
[BlackElo "2404"]
[PlyCount "50"]
[EventDate "2023.03.14"]
[EventType "tourn"]
[EventRounds "9"]
[EventCountry "USA"]
[Source "ChessMix"]
[SourceDate "2023.03.20"]
[TimeControl "5400+30"]

1. d4 Nf6 2. c4 e6 3. Nc3 d5 4. cxd5 exd5 5. Bg5 c6 6. e3 Bd6 7. Bd3 h6 8. Bh4 O-O 9. Qc2 a5 10. Nf3 Re8 11. O-O Na6 12. a3 Bg4 13. Nd2 Bd7 14. Bh7+ Kh8 15. Bf5 Be6 16. Bg3 Bxg3 17. hxg3 Nc7 18. Na4 Bxf5 19. Qxf5 Nb5 20. Nc5 Nd6 21. Qf4 a4 22. Rac1 Qe7 23. Nd3 g5 24. Qf3 Nfe4 25. Rfd1 Ra5 1/2-1/2

[Event "Charlotte Spring IM-B"]
[Site "Charlotte USA"]
[Date "2023.03.20"]
[Round "9.2"]
[White "Amburgy, Ryan"]
[Black "Chiku-Ratte, Olivier-Kenta"]
[Result "1/2-1/2"]
[ECO "E08"]
[WhiteElo "2242"]
[BlackElo "2301"]
[PlyCount "286"]
[EventDate "2023.03.14"]
[EventType "tourn"]
[EventRounds "9"]
[EventCountry "USA"]
[Source "ChessMix"]
[SourceDate "2023.03.20"]
[TimeControl "5400+30"]

1. d4 d5 2. c4 c6 3. Nf3 Nf6 4. Nc3 e6 5. g3 Be7 6. Bg2 O-O 7. O-O b6 8. Nd2 Ba6 9. b3 b5 10. Bb2 Nbd7 11. Qc2 bxc4 12. bxc4 Rb8 13. Rab1 Nb6 14. c5 Nc4 15. Nxc4 Bxc4 16. Rfe1 Qa5 17. Bf1 Qa6 18. e3 e5 19. Bxc4 Qxc4 20. Qe2 Qxe2 21. Nxe2 e4 22. Bc3 Nd7 23. Ba5 Rxb1 24. Rxb1 Rb8 25. Rxb8+ Nxb8 26. Kf1 f5 27. h4 Kf7 28. a3 g6 29. Nc1 h6 30. Ke2 Ke6 31. Nb3 g5 32. hxg5 hxg5 33. Kd2 Kd7 34. Ke2 Kc8 35. Be1 Nd7 36. Na5 Kc7 37. Bd2 Nf6 38. Kf1 Nh5 39. Kg2 Ng7 40. g4 Kd7 41. Kh3 Bd8 42. gxf5 Nxf5 43. Kg4 Nh4 44. Nb3 Nf3 45. Bc3 Nh2+ 46. Kh3 Bc7 47. Nd2 g4+ 48. Kg2 Nf3 49. Nb3 Nh4+ 50. Kf1 Nf5 51. Ke2 Bd8 52. Bd2 Bf6 53. Bc3 Kc7 54. Bb4 Bg5 55. Bd2 Nh4 56. Bc3 Ng6 57. Bb4 Ne7 58. Ba5+ Kc8 59. a4 Nf5 60. Bd2 Bd8 61. Ba5 Bh4 62. Bd2 Nh6 63. Bc3 Nf7 64. Bd2 Ng5 65. Bc3 Nf3 66. Kf1 Bd8 67. Ke2 Kb7 68. Ba5 Bh4 69. Bc3 Ng5 70. Na5+ Kc7 71. Nb3 Ne6 72. Bb4 Bg5 73. Bc3 Ng7 74. Bb4 Nf5 75. Bd2 g3 76. fxg3 Nxg3+ 77. Ke1 Bh4 78. Kd1 Nf1 79. Ke2 Nxd2 80. Nxd2 Kb7 81. Nb3 Ka6 82. Kf1 Bd8 83. Ke2 Ba5 84. Kd1 Bb4 85. Ke2 Kb7 86. Kd1 Kc8 87. Nc1 Kd7 88. Ne2 Ke6 89. Ng3 Ba5 90. Ke2 Bc7 91. Nf1 Kf5 92. Nd2 Kg4 93. Nb3 Kg3 94. Nc1 Ba5 95. Nb3 Bb4 96. Nc1 Bc3 97. Na2 Ba5 98. Nc1 Kg2 99. Na2 Kg1 100. Nc1 Bb4 101. Na2 Ba3 102. Nc3 Kg2 103. Na2 Kg3 104. Nc3 Bb4 105. Na2 Ba5 106. Nc1 Kg4 107. Nb3 Bb4 108. Nc1 Kf5 109. Nb3 Ke6 110. Kd1 Kd7 111. Ke2 Kc7 112. Kd1 Kb7 113. Ke2 Ka6 114. Kd1 Ba5 115. Ke2 Bd8 116. Kd2 Bh4 117. Ke2 Bg3 118. Kf1 Bh4 119. Ke2 Bg3 120. Kf1 Bb8 121. Kf2 Bc7 122. Ke2 Kb7 123. Kd2 a6 124. Ke2 Bg3 125. Nd2 Bc7 126. Nb3 Kc8 127. Kd2 Kd7 128. Ke2 Ke6 129. Nc1 Ba5 130. Nb3 Bb4 131. Nc1 Bc3 132. Na2 Ba5 133. Nc1 Kf5 134. Nb3 Bc3 135. Nc1 Bb2 136. Nb3 Bc3 137. Nc1 Kg4 138. Na2 Ba5 139. Nc1 Kg3 140. Nb3 Bc3 141. Nc1 Bb2 142. Nb3 Bc3 143. Nc1 Kg4 1/2-1/2

[Event "Cherry Blossom Classic"]
[Site "Dulles USA"]
[Date "2022.05.30"]
[Round "9.5"]
[White "Chiku-Ratte, Olivier-Kenta"]
[Black "Zlotnikov, Mikhail"]
[Result "1-0"]
[ECO "E73"]
[WhiteElo "2358"]
[BlackElo "2194"]
[PlyCount "79"]
[EventDate "2022.05.26"]
[EventType "swiss"]
[EventRounds "9"]
[EventCountry "USA"]
[Source "ChessMix"]
[SourceDate "2022.06.01"]
[TimeControl "5400+30"]

1. d4 Nf6 2. c4 g6 3. Nc3 Bg7 4. e4 d6 5. Be2 O-O 6. h4 c5 7. d5 e6 8. h5 exd5
9. exd5 Re8 10. Kf1 Nbd7 11. hxg6 fxg6 12. Nf3 a6 13. a4 Qc7 14. Bf4 Nh5 15.
Bh2 Nhf6 16. Qd2 Nf8 17. Bd3 Ng4 18. Bf4 Bf5 19. Bxf5 gxf5 20. Rh5 Qf7 21. Rh3
Rad8 22. Re1 Rxe1+ 23. Qxe1 h6 24. Qd2 Ng6 25. g3 Qf6 26. Kg2 N6e5 27. Qe2 Nxf3
28. Qxf3 Re8 29. Rh1 Qg6 30. Nd1 Ne5 31. Bxe5 Bxe5 32. Ne3 Rf8 33. Rh5 f4 34.
Ng4 Qxh5 35. Nf6+ Rxf6 36. Qxh5 fxg3 37. fxg3 Kg7 38. Qg4+ Rg6 39. Qd7+ Kf6 40.
g4 1-0

[Event "Chessable op"]
[Site "Formentera ESP"]
[Date "2022.05.08"]
[Round "9.10"]
[White "Papadiamandis, Elliot"]
[Black "Chiku-Ratte, Olivier-Kenta"]
[Result "1/2-1/2"]
[ECO "B29"]
[WhiteElo "2373"]
[BlackElo "2358"]
[PlyCount "91"]
[EventDate "2022.04.29"]
[EventType "swiss"]
[EventRounds "10"]
[EventCountry "ESP"]
[Source "ChessMix"]
[SourceDate "2022.05.10"]
[TimeControl "40/5400+30:1800+30"]

1. e4 c5 2. Nf3 Nf6 3. e5 Nd5 4. d4 cxd4 5. Qxd4 e6 6. Bc4 Nc6 7. Qe4 d6 8. O-O dxe5 9. Nxe5 Nf6 10. Nxc6 Nxe4 11. Nxd8 Kxd8 12. Re1 Nd6 13. Bb3 Bd7 14. Nc3 a5 15. a4 Ra6 16. Bf4 Be7 17. Rad1 Kc8 18. Rd3 Rd8 19. Red1 Be8 20. Rh3 h6 21. Be5 Nf5 22. Rxd8+ Bxd8 23. g4 Nh4 24. Bxg7 Bc6 25. Bxh6 Nf3+ 26. Kf1 Bc7 27. Be3 Nxh2+ 28. Ke2 Nxg4 29. Rh8+ Kd7 30. Bc4 Bf3+ 31. Ke1 Nxe3 32. Bb5+ Ke7 33. fxe3 Rd6 34. Kf2 Bc6 35. Ke2 Bd7 36. Rh7 Be8 37. Bxe8 Kxe8 38. Ne4 Rb6 39. b3 Rc6 40. Kd3 Bd8 41. Rh8+ Kd7 42. Rh7 Ke8 43. Rh8+ Kd7 44. Rh7 Ke8 45. c4 f5 46. Nc3 1/2-1/2

[Event "Mauricie op"]
[Site "Trois-Rivieres CAN"]
[Date "2016.03.20"]
[Round "5"]
[White "Chiku-Ratte, Olivier-Kenta"]
[Black "Hebert, Jean"]
[Result "1/2-1/2"]
[ECO "D15"]
[WhiteElo "2413"]
[BlackElo "2402"]
[PlyCount "59"]
[EventDate "2016.03.18"]
[EventType "swiss"]
[EventRounds "5"]
[EventCountry "CAN"]
[TimeControl "900+2"]

1. d4 d5 2. c4 c6 3. Nf3 Nf6 4. Nc3 a6 5. c5 Nbd7 6. Bf4 Nh5 7. Bd2 g6 8. e3
Bg7 9. Be2 Nhf6 10. O-O O-O 11. b4 Re8 12. Rb1 e5 13. Nxe5 Nxe5 14. dxe5 Rxe5
15. Bd3 Qc7 16. Ne2 Ng4 17. h3 Nf6 18. Bc3 Re7 19. Bd4 Bd7 20. Qc2 Nh5 21. Qb2
Bxd4 22. Qxd4 Ng7 23. a4 Bf5 24. Rfd1 Bxd3 25. Qxd3 Nf5 26. b5 axb5 27. axb5
Rae8 28. Nd4 Nxd4 29. Qxd4 Re4 30. Qb2 1/2-1/2

[Event "Carnaval"]
[Site "Quebec CAN"]
[Date "2016.02.20"]
[Round "3"]
[White "Chiku-Ratte, Olivier-Kenta"]
[Black "Dorrance, Adam"]
[Result "1-0"]
[ECO "D17"]
[WhiteElo "2413"]
[BlackElo "2284"]
[PlyCount "79"]
[EventDate "2016.02.19"]
[EventType "swiss"]
[EventRounds "5"]
[EventCountry "CAN"]
[TimeControl "900+2"]

1. d4 d5 2. c4 c6 3. Nf3 Nf6 4. Nc3 dxc4 5. a4 Bf5 6. Ne5 Nbd7 7. Nxc4 Qc7 8.
g3 e5 9. dxe5 Nxe5 10. Bf4 Nfd7 11. Bg2 g5 12. Ne3 gxf4 13. Nxf5 O-O-O 14. O-O
fxg3 15. hxg3 Kb8 16. a5 h5 17. Qa4 Nc5 18. Qh4 Ng6 19. Qg5 h4 20. Rad1 Re8 21.
e3 Ne6 22. Qf6 hxg3 23. fxg3 Rh7 24. Ne4 Bg7 25. Nxg7 Rxg7 26. Bh3 Qe5 27. Bxe6
Qxf6 28. Nxf6 Rxe6 29. Rd8+ Kc7 30. Rfd1 Ne5 31. Ne8+ Rxe8 32. Rxe8 Rxg3+ 33.
Kf2 Rg5 34. Re7+ Kc8 35. e4 a6 36. b3 Ng4+ 37. Kf3 Ne5+ 38. Ke3 Ng6 39. Rxf7
Kb8 40. Rg7 1-0

[Event "Carnaval"]
[Site "Quebec CAN"]
[Date "2016.02.21"]
[Round "4"]
[White "Sambuev, Bator"]
[Black "Chiku-Ratte, Olivier-Kenta"]
[Result "1-0"]
[ECO "A30"]
[WhiteElo "2582"]
[BlackElo "2413"]
[PlyCount "109"]
[EventDate "2016.02.19"]
[EventType "swiss"]
[EventRounds "5"]
[EventCountry "CAN"]
[TimeControl "900+2"]

1. Nf3 Nf6 2. c4 c5 3. Nc3 e6 4. g3 b6 5. Bg2 Bb7 6. O-O Be7
7. Re1 Ne4 8. d4 Nxc3 9. bxc3 d6 10. e4 cxd4 11. cxd4 O-O 12. Bb2 Nd7 13. Nd2
e5 14. Nf1 exd4 15. Bxd4 Nc5 16. Ne3 Ne6 17. Bb2 Rc8 18. Rc1 Re8 19. Rc2 Bf8
20. Rd2 Qg5 21. Nf5 Rxc4 22. h4 Qd8 23. Ne3 Rc7 24. Qg4 Qc8 25. Nf5 g6 26. h5
Rc2 27. Qe2 Rxd2 28. Qxd2 gxf5 29. exf5 h6 30. fxe6 Rxe6 31. Rc1 Qa8 32. Bh3
Bf3 33. Bxe6 fxe6 34. Qd3 Qe4 35. Qxe4 Bxe4 36. Rc7 a5 37. a4 e5 38. Ba3 Bf3
39. Rd7 Bxh5 40. Bxd6 Bg7 41. Bc7 Be8 42. Rd6 Bxa4 43. Bxb6 Kf7 44. Bxa5 Bf8
45. Rb6 Bd1 46. Bc3 e4 47. Rf6+ Kg8 48. g4 Bf3 49. Bd4 h5 50. g5 h4 51. Rb6 Bh5
52. g6 h3 53. Kh2 Bg4 54. Rb8 e3 55. g7 1-0

[Event "Carnaval"]
[Site "Quebec CAN"]
[Date "2016.02.21"]
[Round "5"]
[White "Hansen, Eric"]
[Black "Chiku-Ratte, Olivier-Kenta"]
[Result "1-0"]
[ECO "A61"]
[WhiteElo "2584"]
[BlackElo "2413"]
[PlyCount "101"]
[EventDate "2016.02.19"]
[EventType "swiss"]
[EventRounds "5"]
[EventCountry "CAN"]
[TimeControl "900+2"]

1. d4 Nf6 2. c4 c5 3. d5 e6 4. Nc3 exd5 5. cxd5 d6 6. Nf3 g6 7. Bf4 a6 8. a4
Bg7 9. h3 O-O 10. e3 Re8 11. Nd2 Nbd7 12. Be2 Ne5 13. O-O Nfd7 14. Qc2 Rb8 15.
Rae1 f5 16. Bh2 Nf6 17. Kh1 Qe7 18. f4 Nf7 19. Bd3 Bd7 20. e4 fxe4 21. Ndxe4
Nxe4 22. Nxe4 Bf5 23. b3 Bxe4 24. Rxe4 Qf6 25. f5 gxf5 26. Rxe8+ Rxe8 27. Bxf5
Kh8 28. Bd3 Qe7 29. Bxh7 Ne5 30. Bf5 Rf8 31. Qe2 Qg5 32. Bb1 Rxf1+ 33. Qxf1 b5
34. axb5 axb5 35. Bg1 c4 36. bxc4 bxc4 37. Qe2 Kg8 38. Be3 Qf6 39. Be4 Qh4 40.
Bf2 Qf4 41. g3 Qc1+ 42. Kg2 c3 43. Qh5 Qd2 44. Qf5 Nf7 45. Qc8+ Bf8 46. Qe6 Qg5
47. Be1 Bg7 48. Qe8+ Bf8 49. Bxc3 Qc1 50. Bh7+ Kxh7 51. Qxf7+ 1-0

[Event "Carnaval"]
[Site "Quebec CAN"]
[Date "2014.01.25"]
[Round "3"]
[White "Sambuev, Bator"]
[Black "Chiku-Ratte, Olivier-Kenta"]
[Result "1-0"]
[ECO "A47"]
[WhiteElo "2590"]
[BlackElo "2216"]
[PlyCount "81"]
[EventDate "2014.01.24"]
[EventType "swiss"]
[EventRounds "5"]
[EventCountry "CAN"]
[TimeControl "900+10"]

1. d4 Nf6 2. Nf3 c5 3. e3 b6 4. Bd3 Bb7 5. O-O g6 6. c4 Bg7 7. d5 O-O 8. Nc3 d6
9. e4 e6 10. h3 exd5 11. exd5 a6 12. a4 Nbd7 13. Bf4 Qc7 14. Bh2 Rfe8 15. Nd2
Ne5 16. Bc2 Re7 17. f4 Ned7 18. Nf3 Rae8 19. f5 Bh6 20. Kh1 Be3 21. fxg6 hxg6
22. Qe1 Nh5 23. Qh4 Ng7 24. Rae1 Bc8 25. Rxe3 Rxe3 26. Ng5 Nf8 27. Rxf7 Qxf7
28. Nxf7 Kxf7 29. Ne4 Nf5 30. Nxd6+ Nxd6 31. Bxd6 Re2 32. Qf4+ Kg8 33. Bd3 R2e3
34. Bxf8 Rxd3 35. Qf6 Rd1+ 36. Kh2 Rxf8 37. Qxg6+ Kh8 38. Qh5+ Kg7 39. Qxd1 Rf7
40. Qb3 Rf6 41. Qg3+ 1-0

[Event "Carnaval"]
[Site "Quebec CAN"]
[Date "2014.01.26"]
[Round "5"]
[White "Lawson, Eric"]
[Black "Chiku-Ratte, Olivier-Kenta"]
[Result "1-0"]
[ECO "A45"]
[WhiteElo "2381"]
[BlackElo "2216"]
[PlyCount "68"]
[EventDate "2014.01.24"]
[EventType "swiss"]
[EventRounds "5"]
[EventCountry "CAN"]
[TimeControl "900+10"]

1. d4 Nf6 2. Bg5 c5 3. d5 Ne4 4. Bf4 Qb6 5. Bc1 e6 6. f3 Nf6 7. c4 exd5 8. cxd5
c4 9. e3 Bc5 10. Kf2 O-O 11. Bxc4 Re8 12. Qb3 Qd8 13. Ne2 d6 14. Rd1 Nbd7 15.
Nd4 a6 16. a4 Ne5 17. Be2 b6 18. Nc3 Bb7 19. Kg1 Nfd7 20. Kh1 Rc8 21. e4 Qf6
22. Be3 h5 23. Na2 Ng6 24. Nb4 a5 25. Bb5 Nge5 26. Nbc6 Bxd4 27. Bxd4 Nc5 28.
Bxc5 dxc5 29. Na7 Red8 30. Nxc8 Bxc8 31. d6 Be6 32. Qe3 g5 33. d7 Bxd7 34. Rd6
Be6 1-0